cohdb
Replays
Latest Replays
All Replays
Popular Replays
Top Player Replays
Match Explorer
How It Works
Community
CoH3 Stats
Reddit
Sign in to upload your games and track your stats! →
Sign in with Steam
Match 41864349
Unlisted
Match 41864349
Overview
Messages
Build Orders
End
Construct Barracks
Scout Squad
Selects Special Operations Battlegroup
Selects M29 Weasel Recon Vehicle
M29 Weasel Recon Vehicle
Riflemen Squad
Riflemen Squad
Mechanized Support Center
Construct Weapon Support Center
Riflemen Squad
M29 Weasel Recon Vehicle
Selects Mark Vehicle
Selects UNKNOWN (2162291)
Engineer Squad
Microsoft Outlook
deadsadbadmad
0
0
Comments
sign in to comment!
No comments posted yet!